 Dungeon Crawl Stone Soup version 0.30.0-18-gc0e69614cb (webtiles) character file.

Game seed: 4488244222180995616

18 Tofusson the Chiller (level 2, -1/22 HPs)
             Began as a Naga Ice Elementalist on May 25, 2023.
             Slain by a gnoll
             ... wielding a +0 spear
              (6 damage)
             ... on level 1 of the Dungeon.
             The game lasted 00:02:11 (541 turns).

Tofusson the Chiller (Naga Ice Elementalist)         Turns: 541, Time: 00:02:12

Health: -1/22      AC:  1    Str: 10    XL:     2   Next: 70%
Magic:  5/5        EV: 10    Int: 15    God:
Gold:   24         SH:  0    Dex: 11    Spells: 4/5 levels left

rFire   . . .        e - +0 dagger
rCold   . . .        (no shield)
rNeg    . . .        a - +0 robe
rPois   +            (no helmet)
rElec   .            (no cloak)
rCorr   .            (no gloves)
SInv    +            (no barding)
Will    .....        (no amulet)
Stlth   ++           (no ring)
HPRegen 0.23/turn    (no ring)
MPRegen 0.09/turn

%: no passive effects
@: very slow
A: AC +0, large, see invisible, deformed body, poison resistance, slowness 2,
spit poison 1, naga tail 1
a: Spit Poison


You were on level 1 of the Dungeon.
You visited 1 branch of the dungeon, and saw 1 of its levels.

You collected 24 gold pieces.

Inventory:

Hand Weapons
 e - a +0 dagger (weapon)
Armour
 a - a +0 robe (worn)
Magical Staves
 c - a staff of air
Scrolls
 d - a scroll of identify {unknown}
Potions
 f - a potion of haste {unknown}
 g - a potion of ambrosia {unknown}


   Skills:
 + Level 1.9 Dodging
 + Level 3.5 Stealth
 + Level 2.2 Spellcasting
 + Level 4.1 Ice Magic


You had 4 spell levels left.
You knew the following spells:

 Your Spells              Type           Power      Damage    Failure   Level
a - Freeze                Ice            56%        1d7       3%          1

Your spell library contained the following spells:

 Spells                   Type           Power      Damage    Failure   Level
 Frozen Ramparts          Ice            28%        1d5       12%         3
 Ozocubu's Armour         Ice            14%        N/A       12%         3
 Summon Ice Beast         Ice/Summ       7%         N/A       67%         4


Dungeon Overview and Level Annotations

Branches:
Dungeon (1/15)

Altars:


Innate Abilities, Weirdness & Mutations

Your serpentine skin is tough. (AC +0)
You have supernaturally acute eyesight. (SInv)
Armour fits poorly on your strangely shaped body.
Your system is resistant to poisons. (rPois)
You cover ground very slowly.
You can spit poison.
You have a snake-like lower body.


Message History

The ball python hisses angrily.
The gnoll shouts!
The endoplasm quivers.
The rat closely misses you.
The gnoll hits you from afar with a +0 spear.
The rat attacks as you move away! The rat bites you. The rat barely misses you.
Casting: Freeze (safe; 3% risk of failure)
Confirm with . or Enter, or press ? or * to list all spells.
Aiming: Freeze (safe; 3% risk of failure)
Press: ? - help, Shift-Dir - straight line, f - rat
Aim: a rat You freeze the rat.
You kill the rat!
Casting: Freeze (safe; 3% risk of failure)
Confirm with . or Enter, or press ? or * to list all spells.
Aiming: Freeze (safe; 3% risk of failure)
Press: ? - help, Shift-Dir - straight line, f - endoplasm
Aim: an endoplasm You freeze the endoplasm.
The endoplasm is moderately wounded.
The gnoll closely misses you. The endoplasm freezes you.
You are frozen.
The endoplasm attacks as you move away! The endoplasm hits you.
You completely miss the endoplasm.
The endoplasm is moderately wounded.
The endoplasm hits you.
You hit the endoplasm.
The endoplasm is severely wounded.
The endoplasm hits you.
The gnoll hits you from afar with a +0 spear.
* * * LOW HITPOINT WARNING * * *
Magic courses through your body. The endoplasm barely misses you.
Aiming: Freeze (safe; 3% risk of failure)
Press: ? - help, Q - select action, (/) - cycle Shift-Dir - straight line, f/p - endoplasm
Aim: an endoplasm (heavily wounded)
Okay, then.
You hit the endoplasm.
You kill the endoplasm!
The gnoll hits you from afar with a +0 spear.
You die...

#. #.###.### #. #.# #...#
#.# ###.######### ### #.#
#.......... ###.. #.##
##########. #.... #..# #..
#.... ##.# #..
#....######.############..
#.....Sg.@..............>.
#^...##############.######
#.... ..... ##### #####


You could see a gnoll and a ball python.

Vanquished Creatures
  4 endoplasms (D:1)
  A giant cockroach (D:1)
  4 goblins (D:1)
  2 hobgoblins (D:1)
  A ball python (D:1)
  2 frilled lizards (D:1)
  2 kobolds (D:1)
  2 rats (D:1)
18 creatures vanquished.

Notes
Turn   | Place    | Note
-------+----------+-------------------------------------------
     0 | D:1      | Tofusson the Naga Ice Elementalist began the quest for the
                  | Orb.
     0 | D:1      | Reached XP level 1. HP: 15/15 MP: 3/3
   103 | D:1      | Reached XP level 2. HP: 18/22 MP: 1/5
   541 | D:1      | Slain by a gnoll

Illustrated notes

Levels and vault maps discovered:
D:1:      roderic_dead_forest, layout_rooms, minmay_misc_feat_cross,
          hangedman_abyss_or_decor_stabs

Action                     || total
---------------------------++-------
  Melee: Unarmed           ||     4
         Dagger            ||    11
         Staff             ||     7
   Cast: Freeze            ||    12
Ability: Spit Poison       ||     2
    Use: Potion            ||     1
   Stab: Sleeping          ||     3
 Armour: Robe              ||     1
  Dodge: Dodged            ||    24
